 Dungeon Crawl Stone Soup version 0.29-a0-119-g4040846114 (webtiles) character file.

Game seed: 1234782101329050482

56 Sweetruy1997 the Skirmisher (level 3, 0/30 HPs)
             Began as a Demonspawn Chaos Knight on Feb 20, 2022.
             Was a Plaything of Xom.
             Slain by a worm (4 damage)
             ... on level 3 of the Dungeon.
             The game lasted 00:03:25 (1642 turns).

Sweetruy1997 the Skirmisher (DsCK)                  Turns: 1642, Time: 00:03:25

Health: 0/30       AC:  6    Str: 12    XL:     3   Next: 71%
Magic:  3/3        EV: 11    Int: 13    God:    Xom [..*...]
Gold:   119        SH:  0    Dex: 14    Spells: 2/2 levels left

rFire   . . .      SeeInvis .   a - +0 falchion (chaos)
rCold   . . .      Faith    .   (no shield)
rNeg    . . .      Spirit   .   b - +2 leather armour
rPois   .          Reflect  .   (helmet restricted)
rElec   .          Harm     .   (no cloak)
rCorr   .          Rampage  .   (no gloves)
Will    .....                   (no boots)
Stlth   +.........              (no amulet)
HPRegen 0.10/turn               (no ring)
MPRegen 0.08/turn               (no ring)

@: no status effects
A: antennae 1, rugged brown scales 1
a: Renounce Religion


You were on level 3 of the Dungeon.
You worshipped Xom.
You were a toy of Xom.
You visited 1 branch of the dungeon, and saw 3 of its levels.

You collected 119 gold pieces.

Inventory:

Hand Weapons
 a - a +0 falchion of chaos (weapon)
Missiles
 j - 5 javelins (quivered)
Armour
 b - a +2 leather armour (worn)
Scrolls
 c - a scroll of fear {unknown}
 e - a scroll of immolation {unknown}
 k - a scroll of enchant armour {unknown}
 l - a scroll of amnesia {unknown}
 m - a scroll of identify {unknown}
 n - a scroll of vulnerability {unknown}
 o - a scroll of magic mapping {unknown}
Potions
 d - 2 potions of curing {unknown}
 f - a potion of berserk rage {unknown}
 g - 2 potions of might {unknown}
 h - a potion of brilliance {unknown}
 i - a potion of attraction {unknown}


   Skills:
 + Level 3.7 Fighting
 + Level 3.4 Long Blades
 + Level 1.9 Armour
 + Level 1.3 Dodging


You had 2 spell levels left.
You didn't know any spells.
Your spell library was empty.

Dungeon Overview and Level Annotations

Branches:
Dungeon (3/15)

Altars:


Innate Abilities, Weirdness & Mutations

You have a pair of small antennae on your head.
You are partially covered in rugged brown scales. (AC +1, +3% HP)


Message History

No target in view!
Done exploring.
There is a stone staircase leading down here.
You climb downwards.
Found an escape hatch in the floor.
There is a stone staircase leading up here.
A ball python is nearby!
The helpless ball python fails to defend itself.
You slash the ball python!
The ball python seems to slow down.
You freeze the ball python.
You kill the ball python!
No target in view!
Found a stone staircase leading up.
There is an escape hatch in the floor here.
A worm comes into view.
An orc comes into view. It is wielding a +0 mace.
The worm bites you.
You barely miss the worm.
The orc shouts!
You hit the worm.
The worm flickers and vanishes!
Deactivating autopickup; reactivate with Ctrl-A.
The orc hits you with a +0 mace. Something bites you but does no damage.
You barely miss the orc. The orc closely misses you. Something bites you.
You hit the orc.
The orc seems to speed up.
The orc is heavily wounded.
The orc hits you with a +0 mace. The orc hits you but does no damage.
You hit the orc but do no damage.
The orc is moderately wounded.
The orc hits you with a +0 mace. Something bites you.
* * * LOW HITPOINT WARNING * * *
The orc hits you with a +0 mace.
* * * LOW HITPOINT WARNING * * *
The orc hits you with a +0 mace.
* * * LOW HITPOINT WARNING * * *
The orc misses you.
You hit the orc. You burn the orc.
You kill the orc!
Something bites you.
You die... "It's all fun and games until someone loses an eye."

##### ##
#############....#..
...........##.#.##.#####.
..........{@..<.#........
...........###.....#...
.......##....#.###.#.# #
.......#####.#.#.....##...
.......+.....>............
.......#.#####.#..<.....#
########.......##########
..#######


There were no monsters in sight!

Vanquished Creatures
  An adder (D:2)
  A dart slug (D:1)
  An orc (D:3)
  7 ball pythons
  5 endoplasms
  3 giant cockroaches
  3 goblins
  2 hobgoblins
  4 jackals (D:2)
  3 kobolds
  2 quokkas (D:1)
  2 bats
  3 frilled lizards
  3 rats
40 creatures vanquished.

Notes
Turn   | Place    | Note
-------+----------+-------------------------------------------
     0 | D:1      | Sweetruy1997 the Demonspawn Chaos Knight began the quest
                  | for the Orb.
     0 | D:1      | Reached XP level 1. HP: 18/18 MP: 1/1
    22 | D:1      | XOM: silly message
    62 | D:1      | Reached skill level 1 in Dodging
   133 | D:1      | Gained mutation: You have a pair of small antennae on your
                  | head. [demonic ancestry]
   133 | D:1      | Reached XP level 2. HP: 24/24 MP: 2/2
   359 | D:1      | Found a faded altar of an unknown god.
   494 | D:1      | XOM: silly message
   846 | D:2      | Gained mutation: You are partially covered in rugged brown
                  | scales. (AC +1, +3% HP) [demonic ancestry]
   846 | D:2      | Reached XP level 3. HP: 21/29 MP: 3/3
   923 | D:2      | XOM: cloud trail
  1400 | D:2      | XOM: god gift: ring mail {god gift}
  1642 | D:3      | Slain by a worm

Illustrated notes

Levels and vault maps discovered:
D:1:      minmay_arrival_doors, layout_rooms, shapermc_ecumenical_altar_ellora,
          hex_intersection
D:2:      layout_loops_cross
D:3:      minmay_diamond_boxcup, layout_basic, nicolae_tso_carved_into_rock

Skill      XL: |  1  2 |
---------------+-------+-----
Dodging        | 1 |  1.3
Long Blades    | 3 |  3.4
Fighting       | |  3.7
Armour         | |  1.9

Action                   || total
-------------------------++-------
Melee: Falchion          ||    93
       Punch             ||     2
 Stab: Sleeping          ||     2
Armor: Leather armour    ||    47
Dodge: Dodged            ||    77

Table legend: (Time is in decaauts)
 A = Elapsed time spent in this place.
 B = Non-inter-level travel time spent in this place.
 C = Inter-level travel time spent in this place.
 D = Time resting spent in this place.
 E = Time spent auto-exploring this place.
 F = Levels seen in this place.
 G = Mean time per level.
                   A        B        C        D        E       F      G
               +--------+--------+--------+--------+--------+-----+--------+
         Total |   1655 |   1604 |     51 |      0 |   1339 |   3 |  551.7 |
       Dungeon |   1655 |   1604 |     51 |      0 |   1339 |   3 |  551.7 |
               +--------+--------+--------+--------+--------+-----+--------+

Top non-repeatable levels by time:
     D:2: 997 daAuts
     D:1: 628 daAuts
     D:3: 28 daAuts
